Sharks vs Canadiens
(R1)
Created - April 20, 2024 at 20:17
Goals
|
| Sharks |
0 |
1 |
3 |
4 |
| Canadiens |
0 |
0 |
1 |
1 |
|
Shots
|
| Sharks |
5 |
8 |
19 |
32 |
| Canadiens |
9 |
4 |
11 |
24 |
|
1st period
No Goal
Penalties :
Drew Doughty (S.J) for Elbowing (Minor) at 7:00
2nd period
1. Sharks , Zach Parise 17 (Brendan Gaunce 21) at 15:47
Penalties :
Alexandre Grenier (Mon) for Hooking (Minor) at 3:45, Steven Stamkos (S.J) for Tripping (Minor) at 8:30, Brent Burns (Mon) for Goalie Interference (Minor) at 13:15
3rd period
2. Sharks , MacKenzie Weegar 1 (Connor Murphy 3, Philipp Grubauer) at 9:17
3. Canadiens , Chris Kreider 39 (Rasmus Ristolainen 59) at 9:33
4. Sharks , Vince Hinostroza 6 (Brendan Gaunce 22) at 17:25
5. Sharks , Steven Stamkos 32 (Wayne Simmonds 27, Boone Jenner 42) at 18:43
Penalties :
Jordan Szwarz (Mon) for Holding Stick (Minor) at 6:18, Jordan Szwarz (Mon) for Holding (Minor) at 19:18
Goalie Stats
Philipp Grubauer (S.J), 23 saves from 24 shots - (0.958), W, 27-25-6, 60:00 minutes
Andrei Vasilevskiy (Mon), 28 saves from 32 shots - (0.875), L, 21-17-3, 60:00 minutes
Players Stats for Sharks
Player Name G A P +/- PIM S H SB GA TA FO MP PP MP PK MP
------------------------------------------------------------------------------------
Arturs Kulda 0 0 0 1 0 2 0 1 0 0 0/0 20:50 2:30 2:06
Boone Jenner 0 1 1 0 0 3 0 0 0 1 20/35 22:26 3:27 2:03
Brendan Gaunce 0 2 2 2 0 1 0 0 0 0 5/11 11:54 0:00 0:50
Connor Murphy 0 1 1 3 0 0 2 0 0 1 0/0 11:24 0:00 0:36
Conor Sheary 0 0 0 1 0 1 0 0 0 0 0/0 15:23 3:03 0:00
Daniel Carcillo 0 0 0 0 0 2 1 0 0 0 0/0 10:01 0:00 1:07
Drew Doughty 0 0 0 -1 2 5 2 0 2 1 0/0 27:53 4:08 1:16
Gustav Nyquist 0 0 0 0 0 0 0 0 0 0 0/3 8:57 0:00 0:03
Jeremy Morin 0 0 0 0 0 2 3 0 0 0 0/0 8:50 0:00 0:23
MacKenzie Weegar 1 0 1 3 0 2 1 1 1 0 0/0 11:09 0:00 0:00
Mike Lundin 0 0 0 -1 0 0 0 2 1 0 0/0 28:56 4:08 2:39
Oscar Sundqvist 0 0 0 1 0 0 2 1 0 0 7/12 16:06 3:03 0:35
Ronalds Kenins 0 0 0 1 0 1 1 0 1 0 0/0 16:06 3:03 0:35
Steven Stamkos 1 0 1 0 2 5 4 1 0 2 2/2 21:59 3:35 1:00
Tyler Cuma 0 0 0 1 0 1 2 3 0 1 0/0 19:55 2:30 1:19
Vince Hinostroza 1 0 1 2 0 2 2 0 0 0 0/0 11:11 0:05 0:00
Wayne Simmonds 0 1 1 0 0 3 1 0 0 2 0/0 20:14 3:18 0:00
Zach Parise 1 0 1 2 0 2 1 0 0 0 0/0 12:46 0:20 1:20
Players Stats for Canadiens
Player Name G A P +/- PIM S H SB GA TA FO MP PP MP PK MP
------------------------------------------------------------------------------------
Alexandre Grenier 0 0 0 -1 2 1 2 0 1 0 0/0 8:36 0:00 0:00
Artemi Panarin 0 0 0 -1 0 3 1 0 0 0 1/1 17:38 1:30 3:39
Brandon Bollig 0 0 0 -1 0 1 0 0 0 0 0/0 12:54 0:00 1:28
Brent Burns 0 0 0 -2 2 0 2 1 0 0 0/0 19:02 1:24 2:05
Brian Dumoulin 0 0 0 -2 0 0 2 1 2 0 0/0 16:27 1:24 3:03
Cam Fowler 0 0 0 1 0 0 0 1 1 0 0/0 27:52 2:34 3:49
Chris Kreider 1 0 1 0 0 7 1 1 0 0 5/10 23:05 2:28 3:38
Cody Eakin 0 0 0 -1 0 2 1 0 0 1 4/7 11:24 0:00 0:05
Corban Knight 0 0 0 -1 0 1 0 1 1 0 2/4 8:31 0:00 0:00
David Pastrnak 0 0 0 0 0 3 1 0 1 0 0/2 21:09 2:28 1:43
Jiri Sekac 0 0 0 -1 0 2 0 0 0 0 0/0 9:38 0:00 1:00
Jordan Szwarz 0 0 0 -1 4 0 2 1 0 1 0/0 14:03 1:30 0:00
Justin Schultz 0 0 0 -2 0 0 1 1 0 0 0/0 16:39 0:00 0:44
Marcus Kruger 0 0 0 -1 0 1 1 0 0 0 1/2 11:13 0:00 0:00
Mika Zibanejad 0 0 0 0 0 0 1 0 0 2 9/24 21:09 2:28 1:43
Rasmus Ristolainen 0 1 1 1 0 2 2 1 2 1 0/0 27:34 2:34 3:30
Sean Zimmerman 0 0 0 -2 0 0 1 0 0 0 0/0 12:26 0:00 0:05
Vincent Trocheck 0 0 0 -1 0 1 1 0 0 0 7/13 13:58 1:30 0:00
3 Stars
1 - MacKenzie Weegar (S.J)
2 - Vince Hinostroza (S.J)
3 - Zach Parise (S.J)
Power Play
Sharks - 0 on 4 Attempt(s) - 0.00%
Canadiens - 0 on 2 Attempt(s) - 0.00%
Penalty Kill
Sharks - 2 on 2 Attempt(s) - 100.00%
- Score 0 goal in Penalty Kill
Canadiens - 4 on 4 Attempt(s) - 100.00%
- Score 0 goal in Penalty Kill
Team Stat
Sharks - Hits : 22 - Faceoff Wins : 34 - Blocked Shots : 9 - Penalty Minutes : 4
Canadiens - Hits : 19 - Faceoff Wins : 29 - Blocked Shots : 8 - Penalty Minutes : 8
Official
Referees : Ghislain Hebert and Conor O'Donnell
Linesman : David Brisebois and Derek Nansen
Game Notes
No Game Note
Finance
Level 1 -- Attendance: 6000 (100.00%) -- Ticket Income $600,000
Level 2 -- Attendance: 5000 (100.00%) -- Ticket Income $300,000
Level 3 -- Attendance: 2000 (100.00%) -- Ticket Income $70,000
Level 4 -- Attendance: 4000 (100.00%) -- Ticket Income $100,000
Luxury Box -- Attendance: 983 (98.30%) -- Ticket Income $196,600
Game was played at the Centre Bell.
Total Attendance: 17983 (99.91%)
Total Ticket Income: $1,266,600
Other Income: $189,990
Total Income: $1,456,590
Sharks
5 vs 5 Forward
Center Left Wing Right Wing Time % Phy DF OF
1 Boone Jenner Steven Stamkos Wayne Simmonds 40 1 1 3
2 Oscar Sundqvist Ronalds Kenins Conor Sheary 30 1 2 2
3 Brendan Gaunce Zach Parise Vince Hinostroza 20 1 2 2
4 Gustav Nyquist Daniel Carcillo Jeremy Morin 10 1 2 2
5 vs 5 Defense
Defense Defense Time % Phy DF OF
1 Drew Doughty Mike Lundin 40 1 2 2
2 Tyler Cuma Arturs Kulda 30 1 2 2
3 Connor Murphy MacKenzie Weegar 20 1 2 2
4 Drew Doughty Mike Lundin 10 1 2 2
PowerPlay Forward
Center Left Wing Right Wing Time % Phy DF OF
1 Boone Jenner Steven Stamkos Wayne Simmonds 60 1 1 3
2 Oscar Sundqvist Ronalds Kenins Conor Sheary 40 1 1 3
PowerPlay Defense
Defense Defense Time % Phy DF OF
1 Drew Doughty Mike Lundin 60 1 2 2
2 Tyler Cuma Arturs Kulda 40 1 2 2
Penalty Kill 4 Players Forward
Center Wing Time % Phy DF OF
1 Boone Jenner Steven Stamkos 60 1 2 2
2 Oscar Sundqvist Ronalds Kenins 40 1 2 2
Penalty Kill 4 Players Defense
Defense Defense Time % Phy DF OF
1 Drew Doughty Mike Lundin 60 1 2 2
2 Tyler Cuma Arturs Kulda 40 1 2 2
Penalty Kill - 3 Players Forward
Forward Time % Phy DF OF
1 Boone Jenner 60 1 2 2
2 Oscar Sundqvist 40 1 2 2
Penalty Kill - 3 Players Defense
Defense Defense Time % Phy DF OF
1 Drew Doughty Mike Lundin 60 1 2 2
2 Tyler Cuma Arturs Kulda 40 1 2 2
4 vs 4 Forward
Center Wing Time % Phy DF OF
1 Boone Jenner Steven Stamkos 60 1 2 2
2 Oscar Sundqvist Ronalds Kenins 40 1 2 2
4 vs 4 Defense
Defense Defense Time % Phy DF OF
1 Drew Doughty Mike Lundin 60 1 2 2
2 Tyler Cuma Arturs Kulda 40 1 2 2
Last Minutes Offensive
Center Left Wing Right Wing Defense Defense
Boone Jenner Steven Stamkos Wayne Simmonds Drew Doughty Mike Lundin
Last Minutes Defensive
Center Left Wing Right Wing Defense Defense
Boone Jenner Steven Stamkos Wayne Simmonds Drew Doughty Mike Lundin
Goaltenders
Starting : Philipp Grubauer
Backup : Malcolm Subban
Extra Forwards
Normal : Zach Parise, Boone Jenner, Oscar Sundqvist - PP : Zach Parise, Boone Jenner - PK : Zach Parise
Extra Defensemen
Normal : Arturs Kulda, Connor Murphy, MacKenzie Weegar - PP : Arturs Kulda - PK : Arturs Kulda, Connor Murphy
Penalty Shots
Steven Stamkos, Ronalds Kenins, Wayne Simmonds, Conor Sheary, Zach Parise
Custom OT Lines Forwards
Steven Stamkos, Ronalds Kenins, Wayne Simmonds, Conor Sheary, Zach Parise, Boone Jenner, Oscar Sundqvist, Daniel Carcillo, Jeremy Morin, Brendan Gaunce
Custom OT Lines Defensemen
Drew Doughty, Mike Lundin, Tyler Cuma, Arturs Kulda, Connor Murphy
Scratches
Andreas Martinsen (Healthy), Markus Nutivaara (Right Hand Injury)
Canadiens
5 vs 5 Forward
Center Left Wing Right Wing Time % Phy DF OF
1 Mika Zibanejad Chris Kreider David Pastrnak 40 0 2 3
2 Vincent Trocheck Artemi Panarin Jordan Szwarz 30 0 2 3
3 Cody Eakin Brandon Bollig Marcus Kruger 20 0 2 3
4 Corban Knight Jiri Sekac Alexandre Grenier 10 0 2 3
5 vs 5 Defense
Defense Defense Time % Phy DF OF
1 Rasmus Ristolainen Cam Fowler 40 0 2 3
2 Brent Burns Justin Schultz 30 0 2 3
3 Sean Zimmerman Brian Dumoulin 20 0 2 3
4 Rasmus Ristolainen Cam Fowler 10 0 2 3
PowerPlay Forward
Center Left Wing Right Wing Time % Phy DF OF
1 Mika Zibanejad Chris Kreider David Pastrnak 60 0 1 4
2 Vincent Trocheck Artemi Panarin Jordan Szwarz 40 0 1 4
PowerPlay Defense
Defense Defense Time % Phy DF OF
1 Rasmus Ristolainen Cam Fowler 60 0 1 4
2 Brian Dumoulin Brent Burns 40 0 1 4
Penalty Kill 4 Players Forward
Center Wing Time % Phy DF OF
1 Chris Kreider Artemi Panarin 60 1 2 2
2 Mika Zibanejad David Pastrnak 40 1 2 2
Penalty Kill 4 Players Defense
Defense Defense Time % Phy DF OF
1 Rasmus Ristolainen Cam Fowler 60 1 2 2
2 Brian Dumoulin Brent Burns 40 1 2 2
Penalty Kill - 3 Players Forward
Forward Time % Phy DF OF
1 Chris Kreider 60 0 3 2
2 Artemi Panarin 40 0 3 2
Penalty Kill - 3 Players Defense
Defense Defense Time % Phy DF OF
1 Rasmus Ristolainen Cam Fowler 60 0 3 2
2 Brian Dumoulin Brent Burns 40 0 3 2
4 vs 4 Forward
Center Wing Time % Phy DF OF
1 Chris Kreider Artemi Panarin 60 0 2 3
2 Mika Zibanejad David Pastrnak 40 0 2 3
4 vs 4 Defense
Defense Defense Time % Phy DF OF
1 Rasmus Ristolainen Cam Fowler 60 0 2 3
2 Brian Dumoulin Brent Burns 40 0 2 3
Last Minutes Offensive
Center Left Wing Right Wing Defense Defense
Mika Zibanejad Chris Kreider David Pastrnak Rasmus Ristolainen Cam Fowler
Last Minutes Defensive
Center Left Wing Right Wing Defense Defense
Mika Zibanejad Chris Kreider David Pastrnak Rasmus Ristolainen Cam Fowler
Goaltenders
Starting : Andrei Vasilevskiy
Backup : Robin Lehner
Extra Forwards
Normal : Jordan Szwarz, Cody Eakin, Brandon Bollig - PP : Jordan Szwarz, Cody Eakin - PK : Brandon Bollig
Extra Defensemen
Normal : Sean Zimmerman, Justin Schultz, Brian Dumoulin - PP : Sean Zimmerman - PK : Justin Schultz, Brian Dumoulin
Penalty Shots
Chris Kreider, Artemi Panarin, Mika Zibanejad, David Pastrnak, Marcus Kruger
Custom OT Lines Forwards
Chris Kreider, Artemi Panarin, Mika Zibanejad, David Pastrnak, Marcus Kruger, Jordan Szwarz, Vincent Trocheck, Cody Eakin, Brandon Bollig, Corban Knight
Custom OT Lines Defensemen
Rasmus Ristolainen, Cam Fowler, Brian Dumoulin, Brent Burns, Sean Zimmerman
Scratches
None
% Time on Ice - Sharks
Lines # - Real PCT - Wanted PCT - Time Play
Normal Forward
1 - 35% - 40% - 17:25
2 - 25% - 30% - 12:28
3 - 22% - 20% - 11:04
4 - 17% - 10% - 8:27
Normal Defense
1 - 40% - 40% - 19:51
2 - 33% - 30% - 16:06
3 - 22% - 20% - 10:48
4 - 5% - 10% - 2:39
PP Forward
1 - 54% - 60% - 3:35
2 - 46% - 40% - 3:03
PP Defense
1 - 62% - 60% - 4:08
2 - 38% - 40% - 2:30
PK Forward
1 - 85% - 60% - 3:23
2 - 15% - 40% - 0:35
PK Defense
1 - 82% - 60% - 3:15
2 - 18% - 40% - 0:43
PK3 Forward
1 - 0% - 60%
2 - 0% - 40%
PK3 Defense
1 - 0% - 60%
2 - 0% - 40%
44 Forward
1 - 0% - 60%
2 - 0% - 40%
44 Defense
1 - 0% - 60%
2 - 0% - 40%
Last Minute Offensive - 0:00
Last Minute Defensive - 0:00
Total
Forward - 60:00
Defense - 60:00
|
% Time on Ice - Canadiens
Lines # - Real PCT - Wanted PCT - Time Play
Normal Forward
1 - 35% - 40% - 17:12
2 - 25% - 30% - 12:28
3 - 23% - 20% - 11:13
4 - 17% - 10% - 8:31
Normal Defense
1 - 39% - 40% - 19:26
2 - 33% - 30% - 16:28
3 - 23% - 20% - 11:21
4 - 4% - 10% - 2:09
PP Forward
1 - 62% - 60% - 2:28
2 - 38% - 40% - 1:30
PP Defense
1 - 65% - 60% - 2:34
2 - 35% - 40% - 1:24
PK Forward
1 - 74% - 60% - 4:55
2 - 26% - 40% - 1:43
PK Defense
1 - 50% - 60% - 3:18
2 - 50% - 40% - 3:20
PK3 Forward
1 - 0% - 60%
2 - 0% - 40%
PK3 Defense
1 - 0% - 60%
2 - 0% - 40%
44 Forward
1 - 0% - 60%
2 - 0% - 40%
44 Defense
1 - 0% - 60%
2 - 0% - 40%
Last Minute Offensive - 0:00
Last Minute Defensive - 0:00
Total
Forward - 60:00
Defense - 60:00
|
Play-by-Play
1st period
0:01 of 1st period - Steven Stamkos wins face-off versus Mika Zibanejad in neutral zone.
0:04 of 1st period - Mika Zibanejad is hit by Steven Stamkos and loses puck.
1:01 of 1st period - Brandon Bollig is hit by Vince Hinostroza and loses puck.
1:20 of 1st period - Daniel Carcillo is hit by Alexandre Grenier and loses puck.
3:05 of 1st period - Off-side.
3:06 of 1st period - Corban Knight wins face-off versus Gustav Nyquist in neutral zone.
3:09 of 1st period - Daniel Carcillo is hit by Brent Burns and loses puck.
3:34 of 1st period - Ronalds Kenins is hit by Justin Schultz and loses puck.
4:38 of 1st period - Jiri Sekac is hit by Connor Murphy and loses puck.
4:47 of 1st period - Brian Dumoulin is hit by Tyler Cuma and loses puck.
5:32 of 1st period - Snap shot by Zach Parise.
5:32 of 1st period - Stopped by Andrei Vasilevskiy with a rebound.
6:10 of 1st period - Snap shot by Artemi Panarin.
6:10 of 1st period - Stopped by Philipp Grubauer with a rebound.
6:14 of 1st period - Snap shot by Artemi Panarin.
6:14 of 1st period - Stopped by Philipp Grubauer without a rebound.
6:15 of 1st period - Mika Zibanejad wins face-off versus Boone Jenner in Sharks zone.
6:24 of 1st period - Wrist shot by David Pastrnak.
6:24 of 1st period - Stopped by Philipp Grubauer with a rebound.
6:26 of 1st period - Slapshot by David Pastrnak.
6:26 of 1st period - Stopped by Philipp Grubauer with a rebound.
6:38 of 1st period - Icing by Mika Zibanejad.
6:39 of 1st period - Oscar Sundqvist wins face-off versus Mika Zibanejad in Canadiens zone.
6:48 of 1st period - Conor Sheary is hit by Mika Zibanejad and loses puck.
6:57 of 1st period - Snap shot by David Pastrnak.
6:57 of 1st period - Stopped by Philipp Grubauer without a rebound.
6:58 of 1st period - Boone Jenner wins face-off versus Vincent Trocheck in Sharks zone.
7:00 of 1st period - Minor Penalty to Drew Doughty for Elbowing.
7:01 of 1st period - Boone Jenner wins face-off versus Mika Zibanejad in Sharks zone.
8:09 of 1st period - Boone Jenner is hit by Brent Burns.
9:00 of 1st period - Penalty to Drew Doughty is over, Drew Doughty is back on ice.
9:11 of 1st period - Snap shot by Brendan Gaunce.
9:11 of 1st period - Deflect By Brent Burns.
9:11 of 1st period - Shot Blocked by Brent Burns.
9:11 of 1st period - Puck is out of play.
9:12 of 1st period - Cody Eakin wins face-off versus Brendan Gaunce in Canadiens zone.
9:12 of 1st period - Cody Eakin is hit by Connor Murphy.
9:37 of 1st period - Alexandre Grenier is hit by Drew Doughty and loses puck.
9:44 of 1st period - Wrist shot by Ronalds Kenins.
9:44 of 1st period - Shot Misses the Net.
9:46 of 1st period - Backhand shot by Drew Doughty.
9:46 of 1st period - Shot Blocked by Cam Fowler.
10:13 of 1st period - Arturs Kulda is hit by Sean Zimmerman and loses puck.
10:48 of 1st period - Off-side.
10:49 of 1st period - Mika Zibanejad wins face-off versus Boone Jenner in neutral zone.
11:16 of 1st period - Mike Lundin is hit by Jordan Szwarz and loses puck.
11:27 of 1st period - Snap shot by Jordan Szwarz.
11:27 of 1st period - Shot Misses the Net.
12:01 of 1st period - Snap shot by Chris Kreider.
12:01 of 1st period - Stopped by Philipp Grubauer with a rebound.
12:03 of 1st period - Slapshot by Brent Burns.
12:03 of 1st period - Deflect By David Pastrnak.
12:03 of 1st period - Shot Misses the Net.
12:03 of 1st period - Puck is out of play.
12:04 of 1st period - Boone Jenner wins face-off versus Mika Zibanejad in Sharks zone.
12:13 of 1st period - Wrist shot by Steven Stamkos.
12:13 of 1st period - Shot Misses the Net.
12:15 of 1st period - Wrist shot by Wayne Simmonds.
12:15 of 1st period - Stopped by Andrei Vasilevskiy with a rebound.
12:35 of 1st period - Slapshot by Rasmus Ristolainen.
12:35 of 1st period - Deflect By Vincent Trocheck.
12:35 of 1st period - Shot Blocked by Oscar Sundqvist.
12:35 of 1st period - Puck is out of play.
12:36 of 1st period - Vincent Trocheck wins face-off versus Oscar Sundqvist in Sharks zone.
12:39 of 1st period - Slapshot by Vincent Trocheck.
12:39 of 1st period - Stopped by Philipp Grubauer without a rebound.
12:40 of 1st period - Oscar Sundqvist wins face-off versus Chris Kreider in Sharks zone.
13:08 of 1st period - Off-side.
13:09 of 1st period - Steven Stamkos wins face-off versus Vincent Trocheck in neutral zone.
13:23 of 1st period - Off-side.
13:24 of 1st period - Boone Jenner wins face-off versus Mika Zibanejad in neutral zone.
13:50 of 1st period - Drew Doughty is hit by Vincent Trocheck and loses puck.
14:17 of 1st period - Snap shot by Brendan Gaunce.
14:17 of 1st period - Shot Misses the Net.
14:19 of 1st period - Slapshot by MacKenzie Weegar.
14:19 of 1st period - Shot Misses the Net.
14:21 of 1st period - Slapshot by MacKenzie Weegar.
14:21 of 1st period - Stopped by Andrei Vasilevskiy with a rebound.
14:37 of 1st period - Snap shot by Corban Knight.
14:37 of 1st period - Shot Misses the Net.
15:17 of 1st period - Slapshot by Rasmus Ristolainen.
15:17 of 1st period - Stopped by Philipp Grubauer with a rebound.
15:35 of 1st period - Slapshot by Rasmus Ristolainen.
15:35 of 1st period - Shot Blocked by Tyler Cuma.
15:37 of 1st period - Slapshot by Cam Fowler.
15:37 of 1st period - Shot Misses the Net.
15:41 of 1st period - Snap shot by Marcus Kruger.
15:41 of 1st period - Deflect By Cody Eakin.
15:41 of 1st period - Shot Blocked by Tyler Cuma.
15:41 of 1st period - Puck is out of play.
15:42 of 1st period - Cody Eakin wins face-off versus Boone Jenner in Sharks zone.
15:51 of 1st period - Slapshot by Drew Doughty.
15:51 of 1st period - Deflect By Brandon Bollig.
15:51 of 1st period - Stopped by Andrei Vasilevskiy with a rebound.
15:53 of 1st period - Wrist shot by Steven Stamkos.
15:53 of 1st period - Shot Blocked by Brian Dumoulin.
17:20 of 1st period - MacKenzie Weegar is hit by Brian Dumoulin and loses puck.
17:35 of 1st period - Snap shot by Ronalds Kenins.
17:35 of 1st period - Stopped by Andrei Vasilevskiy without a rebound.
17:36 of 1st period - Oscar Sundqvist wins face-off versus Mika Zibanejad in Canadiens zone.
17:47 of 1st period - Slapshot by Ronalds Kenins.
17:47 of 1st period - Deflect By Chris Kreider.
17:47 of 1st period - Shot Misses the Net.
17:47 of 1st period - Puck is out of play.
17:48 of 1st period - Mika Zibanejad wins face-off versus Boone Jenner in Canadiens zone.
17:57 of 1st period - Wrist shot by Chris Kreider.
17:57 of 1st period - Stopped by Philipp Grubauer with a rebound.
18:15 of 1st period - Drew Doughty is hit by Rasmus Ristolainen and loses puck.
18:35 of 1st period - Off-side.
18:36 of 1st period - Brendan Gaunce wins face-off versus Cody Eakin in neutral zone.
18:40 of 1st period - Drew Doughty is hit by Cody Eakin and loses puck.
18:43 of 1st period - Slapshot by Mike Lundin.
18:43 of 1st period - Deflect By Vince Hinostroza.
18:43 of 1st period - Shot Misses the Net.
18:43 of 1st period - Puck is out of play.
18:44 of 1st period - Boone Jenner wins face-off versus Chris Kreider in Canadiens zone.
18:55 of 1st period - Slapshot by Drew Doughty.
18:55 of 1st period - Shot Misses the Net.
18:57 of 1st period - Wrist shot by Boone Jenner.
18:57 of 1st period - Deflect By Steven Stamkos.
18:57 of 1st period - Shot Blocked by Chris Kreider.
18:57 of 1st period - Puck is out of play.
18:58 of 1st period - Vincent Trocheck wins face-off versus Boone Jenner in Canadiens zone.
19:39 of 1st period - Rasmus Ristolainen is hit by Ronalds Kenins and loses puck.
Goals for this period are 0 for Sharks vs 0 for Canadiens.
Shots for this period are 5 for Sharks vs 9 for Canadiens.
2nd period
0:01 of 2nd period - Artemi Panarin wins face-off versus Boone Jenner in neutral zone.
0:01 of 2nd period - Rasmus Ristolainen is hit by Drew Doughty and loses puck.
0:06 of 2nd period - Jordan Szwarz is hit by Steven Stamkos and loses puck.
0:53 of 2nd period - Snap shot by Cody Eakin.
0:53 of 2nd period - Stopped by Philipp Grubauer without a rebound.
0:54 of 2nd period - Vincent Trocheck wins face-off versus Oscar Sundqvist in Sharks zone.
0:55 of 2nd period - Slapshot by Artemi Panarin.
0:55 of 2nd period - Stopped by Philipp Grubauer with a rebound.
1:40 of 2nd period - Snap shot by Cody Eakin.
1:40 of 2nd period - Shot Blocked by Tyler Cuma.
1:46 of 2nd period - Conor Sheary is hit by Marcus Kruger and loses puck.
2:13 of 2nd period - Artemi Panarin is hit by Steven Stamkos and loses puck.
2:57 of 2nd period - Snap shot by Daniel Carcillo.
2:57 of 2nd period - Stopped by Andrei Vasilevskiy with a rebound.
2:59 of 2nd period - Wrist shot by Jeremy Morin.
2:59 of 2nd period - Stopped by Andrei Vasilevskiy with a rebound.
3:01 of 2nd period - Slapshot by Drew Doughty.
3:01 of 2nd period - Shot Blocked by Rasmus Ristolainen.
3:45 of 2nd period - Minor Penalty to Alexandre Grenier for Hooking.
3:46 of 2nd period - Chris Kreider wins face-off versus Oscar Sundqvist in Canadiens zone.
4:11 of 2nd period - Chris Kreider is hit by Steven Stamkos and loses puck.
4:28 of 2nd period - Steven Stamkos is hit by Brian Dumoulin and loses puck.
5:04 of 2nd period - Ronalds Kenins is hit by Rasmus Ristolainen and loses puck.
5:45 of 2nd period - Penalty to Alexandre Grenier is over, Alexandre Grenier is back on ice.
6:03 of 2nd period - Slapshot by Tyler Cuma.
6:03 of 2nd period - Stopped by Andrei Vasilevskiy without a rebound.
6:04 of 2nd period - Vincent Trocheck wins face-off versus Brendan Gaunce in Canadiens zone.
6:32 of 2nd period - Slapshot by Rasmus Ristolainen.
6:32 of 2nd period - Shot Misses the Net.
8:06 of 2nd period - Snap shot by Corban Knight.
8:06 of 2nd period - Deflect By Alexandre Grenier.
8:06 of 2nd period - Shot Blocked by MacKenzie Weegar.
8:06 of 2nd period - Puck is out of play.
8:07 of 2nd period - Boone Jenner wins face-off versus Vincent Trocheck in Sharks zone.
8:30 of 2nd period - Minor Penalty to Steven Stamkos for Tripping.
8:31 of 2nd period - Mika Zibanejad wins face-off versus Boone Jenner in Sharks zone.
8:39 of 2nd period - Off-side.
8:40 of 2nd period - Boone Jenner wins face-off versus Mika Zibanejad in neutral zone.
8:45 of 2nd period - Wrist shot by David Pastrnak.
8:45 of 2nd period - Shot Blocked by Mike Lundin.
9:28 of 2nd period - Snap shot by David Pastrnak.
9:28 of 2nd period - Shot Misses the Net.
9:40 of 2nd period - Wrist shot by Chris Kreider.
9:40 of 2nd period - Shot Misses the Net.
10:30 of 2nd period - Penalty to Steven Stamkos is over, Steven Stamkos is back on ice.
10:56 of 2nd period - Off-side.
10:57 of 2nd period - Oscar Sundqvist wins face-off versus Corban Knight in neutral zone.
12:07 of 2nd period - Ronalds Kenins is hit by Alexandre Grenier and loses puck.
12:14 of 2nd period - Slapshot by MacKenzie Weegar.
12:14 of 2nd period - Shot Misses the Net.
12:46 of 2nd period - Rasmus Ristolainen is hit by Jeremy Morin and loses puck.
12:56 of 2nd period - Off-side.
12:57 of 2nd period - Boone Jenner wins face-off versus Vincent Trocheck in neutral zone.
13:10 of 2nd period - Wrist shot by Boone Jenner.
13:10 of 2nd period - Stopped by Andrei Vasilevskiy without a rebound.
13:11 of 2nd period - Boone Jenner wins face-off versus Mika Zibanejad in Canadiens zone.
13:15 of 2nd period - Minor Penalty to Brent Burns for Goalie Interference.
13:16 of 2nd period - Boone Jenner wins face-off versus Chris Kreider in Canadiens zone.
14:16 of 2nd period - Snap shot by Jiri Sekac.
14:16 of 2nd period - Stopped by Philipp Grubauer with a rebound.
14:36 of 2nd period - David Pastrnak is hit by Wayne Simmonds.
15:15 of 2nd period - Penalty to Brent Burns is over, Brent Burns is back on ice.
15:30 of 2nd period - Slapshot by Brandon Bollig.
15:30 of 2nd period - Shot Misses the Net.
15:40 of 2nd period - Alexandre Grenier is hit by Zach Parise and loses puck.
15:47 of 2nd period - Snap shot by Zach Parise.
15:47 of 2nd period - Goal by Zach Parise - Sharks : 1 - Canadiens : 0.
15:48 of 2nd period - Boone Jenner wins face-off versus Mika Zibanejad in neutral zone.
15:51 of 2nd period - Slapshot by Drew Doughty.
15:51 of 2nd period - Stopped by Andrei Vasilevskiy without a rebound.
15:52 of 2nd period - Boone Jenner wins face-off versus Mika Zibanejad in Canadiens zone.
16:09 of 2nd period - Wrist shot by Wayne Simmonds.
16:09 of 2nd period - Stopped by Andrei Vasilevskiy with a rebound.
16:43 of 2nd period - David Pastrnak is hit by Jeremy Morin and loses puck.
17:12 of 2nd period - Snap shot by Boone Jenner.
17:12 of 2nd period - Shot Misses the Net.
17:34 of 2nd period - Slapshot by Ronalds Kenins.
17:34 of 2nd period - Shot Misses the Net.
17:36 of 2nd period - Wrist shot by Ronalds Kenins.
17:36 of 2nd period - Shot Misses the Net.
17:56 of 2nd period - Snap shot by Cody Eakin.
17:56 of 2nd period - Stopped by Philipp Grubauer with a rebound.
18:34 of 2nd period - Boone Jenner is hit by Jordan Szwarz and loses puck.
19:09 of 2nd period - Wrist shot by Drew Doughty.
19:09 of 2nd period - Shot Blocked by Jordan Szwarz.
19:35 of 2nd period - Slapshot by Steven Stamkos.
19:35 of 2nd period - Stopped by Andrei Vasilevskiy without a rebound.
19:36 of 2nd period - Boone Jenner wins face-off versus Corban Knight in Canadiens zone.
Goals for this period are 1 for Sharks vs 0 for Canadiens.
Shots for this period are 8 for Sharks vs 4 for Canadiens.
3rd period
0:01 of 3rd period - Boone Jenner wins face-off versus Mika Zibanejad in neutral zone.
0:06 of 3rd period - Slapshot by Drew Doughty.
0:06 of 3rd period - Stopped by Andrei Vasilevskiy without a rebound.
0:07 of 3rd period - Chris Kreider wins face-off versus Boone Jenner in Canadiens zone.
1:00 of 3rd period - Slapshot by Rasmus Ristolainen.
1:00 of 3rd period - Shot Misses the Net.
1:02 of 3rd period - Wrist shot by Rasmus Ristolainen.
1:02 of 3rd period - Shot Blocked by Mike Lundin.
1:04 of 3rd period - Slapshot by Rasmus Ristolainen.
1:04 of 3rd period - Stopped by Philipp Grubauer with a rebound.
1:06 of 3rd period - Wrist shot by Chris Kreider.
1:06 of 3rd period - Shot Misses the Net.
1:08 of 3rd period - Snap shot by Chris Kreider.
1:08 of 3rd period - Shot Blocked by Steven Stamkos.
1:10 of 3rd period - Snap shot by Rasmus Ristolainen.
1:10 of 3rd period - Shot Misses the Net.
1:12 of 3rd period - Snap shot by Chris Kreider.
1:12 of 3rd period - Stopped by Philipp Grubauer without a rebound.
1:13 of 3rd period - Oscar Sundqvist wins face-off versus Vincent Trocheck in Sharks zone.
2:01 of 3rd period - Sean Zimmerman is hit by Daniel Carcillo and loses puck.
2:06 of 3rd period - Backhand shot by Daniel Carcillo.
2:06 of 3rd period - Shot Blocked by Corban Knight.
2:08 of 3rd period - Slapshot by Arturs Kulda.
2:08 of 3rd period - Stopped by Andrei Vasilevskiy with a rebound.
2:22 of 3rd period - Ronalds Kenins is hit by Artemi Panarin and loses puck.
3:41 of 3rd period - Corban Knight is hit by Vince Hinostroza.
3:53 of 3rd period - Slapshot by MacKenzie Weegar.
3:53 of 3rd period - Deflect By Jeremy Morin.
3:53 of 3rd period - Stopped by Andrei Vasilevskiy without a rebound.
3:54 of 3rd period - Vincent Trocheck wins face-off versus Gustav Nyquist in Canadiens zone.
4:25 of 3rd period - Slapshot by Vincent Trocheck.
4:25 of 3rd period - Shot Misses the Net.
4:27 of 3rd period - Slapshot by Artemi Panarin.
4:27 of 3rd period - Shot Misses the Net.
4:29 of 3rd period - Slapshot by Brian Dumoulin.
4:29 of 3rd period - Deflect By Jordan Szwarz.
4:29 of 3rd period - Shot Misses the Net.
4:29 of 3rd period - Puck is out of play.
4:30 of 3rd period - Mika Zibanejad wins face-off versus Boone Jenner in Sharks zone.
5:45 of 3rd period - Wrist shot by Daniel Carcillo.
5:45 of 3rd period - Stopped by Andrei Vasilevskiy with a rebound.
5:47 of 3rd period - Backhand shot by Arturs Kulda.
5:47 of 3rd period - Stopped by Andrei Vasilevskiy without a rebound.
5:48 of 3rd period - Boone Jenner wins face-off versus Mika Zibanejad in Canadiens zone.
6:05 of 3rd period - Snap shot by Chris Kreider.
6:05 of 3rd period - Stopped by Philipp Grubauer without a rebound.
6:06 of 3rd period - Oscar Sundqvist wins face-off versus Vincent Trocheck in Sharks zone.
6:18 of 3rd period - Minor Penalty to Jordan Szwarz for Holding Stick.
6:19 of 3rd period - Boone Jenner wins face-off versus Chris Kreider in Canadiens zone.
6:21 of 3rd period - Snap shot by Steven Stamkos.
6:21 of 3rd period - Shot Misses the Net.
6:23 of 3rd period - Wrist shot by Wayne Simmonds.
6:23 of 3rd period - Shot Misses the Net.
6:25 of 3rd period - Snap shot by Steven Stamkos.
6:25 of 3rd period - Deflect By Boone Jenner.
6:25 of 3rd period - Stopped by Andrei Vasilevskiy with a rebound.
6:27 of 3rd period - Slapshot by Drew Doughty.
6:27 of 3rd period - Shot Misses the Net.
6:29 of 3rd period - Slapshot by Drew Doughty.
6:29 of 3rd period - Stopped by Andrei Vasilevskiy without a rebound.
6:30 of 3rd period - Chris Kreider wins face-off versus Boone Jenner in Canadiens zone.
7:01 of 3rd period - Cam Fowler is hit by Oscar Sundqvist and loses puck.
8:18 of 3rd period - Penalty to Jordan Szwarz is over, Jordan Szwarz is back on ice.
8:33 of 3rd period - Off-side.
8:34 of 3rd period - Brendan Gaunce wins face-off versus Cody Eakin in neutral zone.
9:04 of 3rd period - Chris Kreider is hit by MacKenzie Weegar and loses puck.
9:17 of 3rd period - Slapshot by MacKenzie Weegar.
9:17 of 3rd period - Goal by MacKenzie Weegar - Sharks : 2 - Canadiens : 0.
9:18 of 3rd period - Boone Jenner wins face-off versus David Pastrnak in neutral zone.
9:33 of 3rd period - Snap shot by Chris Kreider.
9:33 of 3rd period - Goal by Chris Kreider - Sharks : 2 - Canadiens : 1.
9:34 of 3rd period - Boone Jenner wins face-off versus David Pastrnak in neutral zone.
10:48 of 3rd period - Wrist shot by Alexandre Grenier.
10:48 of 3rd period - Stopped by Philipp Grubauer without a rebound.
10:49 of 3rd period - Corban Knight wins face-off versus Gustav Nyquist in Sharks zone.
11:37 of 3rd period - Snap shot by Corban Knight.
11:37 of 3rd period - Stopped by Philipp Grubauer without a rebound.
11:38 of 3rd period - Chris Kreider wins face-off versus Boone Jenner in Sharks zone.
12:19 of 3rd period - Snap shot by Wayne Simmonds.
12:19 of 3rd period - Stopped by Andrei Vasilevskiy without a rebound.
12:20 of 3rd period - Oscar Sundqvist wins face-off versus Marcus Kruger in Canadiens zone.
12:25 of 3rd period - Slapshot by Ronalds Kenins.
12:25 of 3rd period - Deflect By Oscar Sundqvist.
12:25 of 3rd period - Shot Misses the Net.
12:25 of 3rd period - Puck is out of play.
12:26 of 3rd period - Cody Eakin wins face-off versus Oscar Sundqvist in Canadiens zone.
12:26 of 3rd period - Cody Eakin is hit by Oscar Sundqvist.
12:34 of 3rd period - Slapshot by Cam Fowler.
12:34 of 3rd period - Shot Misses the Net.
12:54 of 3rd period - Slapshot by Drew Doughty.
12:54 of 3rd period - Deflect By Rasmus Ristolainen.
12:54 of 3rd period - Stopped by Andrei Vasilevskiy without a rebound.
12:55 of 3rd period - Mika Zibanejad wins face-off versus Boone Jenner in Canadiens zone.
12:55 of 3rd period - Mika Zibanejad is hit by Tyler Cuma.
13:11 of 3rd period - Wrist shot by Chris Kreider.
13:11 of 3rd period - Stopped by Philipp Grubauer with a rebound.
13:27 of 3rd period - Slapshot by Justin Schultz.
13:27 of 3rd period - Deflect By Vincent Trocheck.
13:27 of 3rd period - Shot Misses the Net.
13:27 of 3rd period - Puck is out of play.
13:28 of 3rd period - Vincent Trocheck wins face-off versus Brendan Gaunce in Sharks zone.
13:35 of 3rd period - Slapshot by Vincent Trocheck.
13:35 of 3rd period - Shot Misses the Net.
13:45 of 3rd period - Slapshot by Rasmus Ristolainen.
13:45 of 3rd period - Shot Misses the Net.
14:05 of 3rd period - Wrist shot by Brandon Bollig.
14:05 of 3rd period - Stopped by Philipp Grubauer with a rebound.
14:27 of 3rd period - Wrist shot by Jiri Sekac.
14:27 of 3rd period - Stopped by Philipp Grubauer with a rebound.
14:41 of 3rd period - Snap shot by Jeremy Morin.
14:41 of 3rd period - Shot Blocked by Justin Schultz.
14:53 of 3rd period - Vincent Trocheck is hit by Jeremy Morin and loses puck.
15:10 of 3rd period - Slapshot by Marcus Kruger.
15:10 of 3rd period - Deflect By Brandon Bollig.
15:10 of 3rd period - Shot Blocked by Arturs Kulda.
15:10 of 3rd period - Puck is out of play.
15:11 of 3rd period - Brendan Gaunce wins face-off versus Mika Zibanejad in Sharks zone.
15:18 of 3rd period - Snap shot by Brendan Gaunce.
15:18 of 3rd period - Stopped by Andrei Vasilevskiy without a rebound.
15:19 of 3rd period - Mika Zibanejad wins face-off versus Brendan Gaunce in Canadiens zone.
15:28 of 3rd period - Wrist shot by Chris Kreider.
15:28 of 3rd period - Stopped by Philipp Grubauer without a rebound.
15:29 of 3rd period - Brendan Gaunce wins face-off versus Mika Zibanejad in Sharks zone.
15:29 of 3rd period - Brendan Gaunce is hit by Chris Kreider.
15:40 of 3rd period - Slapshot by Vince Hinostroza.
15:40 of 3rd period - Stopped by Andrei Vasilevskiy without a rebound.
15:41 of 3rd period - Mika Zibanejad wins face-off versus Boone Jenner in Canadiens zone.
16:00 of 3rd period - Wayne Simmonds is hit by David Pastrnak.
17:23 of 3rd period - Icing by Sean Zimmerman.
17:24 of 3rd period - Brendan Gaunce wins face-off versus Cody Eakin in Canadiens zone.
17:25 of 3rd period - Wrist shot by Vince Hinostroza.
17:25 of 3rd period - Goal by Vince Hinostroza - Sharks : 3 - Canadiens : 1.
17:26 of 3rd period - Cody Eakin wins face-off versus Brendan Gaunce in neutral zone.
17:38 of 3rd period - Snap shot by Marcus Kruger.
17:38 of 3rd period - Stopped by Philipp Grubauer without a rebound.
17:39 of 3rd period - Marcus Kruger wins face-off versus Brendan Gaunce in Sharks zone.
17:54 of 3rd period - Snap shot by Brendan Gaunce.
17:54 of 3rd period - Shot Misses the Net.
18:11 of 3rd period - Snap shot by Steven Stamkos.
18:11 of 3rd period - Stopped by Andrei Vasilevskiy with a rebound.
18:13 of 3rd period - Snap shot by Boone Jenner.
18:13 of 3rd period - Stopped by Andrei Vasilevskiy without a rebound.
18:14 of 3rd period - Mika Zibanejad wins face-off versus Boone Jenner in Canadiens zone.
18:23 of 3rd period - Snap shot by Wayne Simmonds.
18:23 of 3rd period - Deflect By Steven Stamkos.
18:23 of 3rd period - Stopped by Andrei Vasilevskiy without a rebound.
18:24 of 3rd period - Chris Kreider wins face-off versus Boone Jenner in Canadiens zone.
18:41 of 3rd period - Slapshot by Steven Stamkos.
18:41 of 3rd period - Stopped by Andrei Vasilevskiy with a rebound.
18:43 of 3rd period - Snap shot by Steven Stamkos.
18:43 of 3rd period - Goal by Steven Stamkos - Sharks : 4 - Canadiens : 1.
18:44 of 3rd period - Boone Jenner wins face-off versus Mika Zibanejad in neutral zone.
19:15 of 3rd period - Slapshot by Conor Sheary.
19:15 of 3rd period - Stopped by Andrei Vasilevskiy without a rebound.
19:16 of 3rd period - Vincent Trocheck wins face-off versus Oscar Sundqvist in Canadiens zone.
19:18 of 3rd period - Minor Penalty to Jordan Szwarz for Holding.
19:19 of 3rd period - Boone Jenner wins face-off versus Chris Kreider in Canadiens zone.
Goals for this period are 3 for Sharks vs 1 for Canadiens.
Shots for this period are 19 for Sharks vs 11 for Canadiens.